Blues vs RedWings

Created - 23 novembre 2020 at 20:12

Goals
1 2 3 T
Blues 2 2 0 4
RedWings 0 1 1 2
Shots
1 2 3 T
Blues 18 12 17 47
RedWings 2 14 13 29

1st period

1. Blues , Christian Dvorak 4 (Dougie Hamilton 3, Jordan Staal 3) at 4:25
2. Blues , Sean Couturier 6 (Dougie Hamilton 4) at 15:16 (PP)

Penalties :
Gustav Lindstrom (DET) for Holding Stick (Minor) at 1:15, Filip Forsberg (DET) for Slashing (Minor) at 4:36, John Carlson (DET) for Hooking (Minor) at 14:04

2nd period

3. Blues , Sean Couturier 7 (Ryan Pulock 4, Dougie Hamilton 5) at 3:04 (PP)
4. Blues , Johnny Gaudreau 2 (Dougie Hamilton 6, Sean Couturier 6) at 5:46
5. RedWings , Patric Hornqvist 3 (Erik Haula 2, Nick Jensen 4) at 10:33

Penalties :
Andrew Cogliano (DET) for Hooking (Minor) at 1:07, P.K. Subban (STL) for Hooking (Minor) at 17:16

3rd period

6. RedWings , Frans Nielsen 3 (Brett Howden 2, Jordan Szwarz 1) at 10:02

Penalties :
Jack Eichel (STL) for Roughing (Minor) at 7:29, Jake Gardiner (DET) for Hooking (Minor) at 14:12

Goalie Stats

Carter Hart (STL), 27 saves from 29 shots - (0,931), W, 6-4-2, 60:00 minutes
Adin Hill (DET), 43 saves from 47 shots - (0,915), L, 1-1-0, 60:00 minutes

Players Stats for Blues

Player Name              G  A  P  +/- PIM S  H  SB GA TA FO     MP     PP MP  PK MP  
------------------------------------------------------------------------------------
Andrew Copp              0  0  0   0  0   0  0  0  0  0  4/6     8:15   0:00   1:47 
Anthony Mantha           0  0  0   0  0   1  4  0  0  0  2/4    18:54   4:03   0:00 
Christian Dvorak         1  0  1   0  0   4  0  0  0  0  0/3    14:33   5:03   0:00 
Colin Miller             0  0  0  -1  0   0  0  0  0  0  0/0    13:09   0:00   1:43 
Dougie Hamilton          0  4  4   1  0   0  1  1  0  0  0/0    25:31   5:19   2:21 
Jack Eichel              0  0  0   0  2   8  2  0  0  0  13/27  20:09   4:03   0:00 
Johnny Gaudreau          1  0  1   0  0   5  0  0  0  0  1/1    18:38   3:47   0:00 
Jordan Staal             0  1  1   0  0   3  0  0  0  0  7/17   11:17   0:00   1:47 
Josh Bailey              0  0  0   0  0   5  0  0  0  0  2/4    18:18   0:00   2:11 
MacKenzie Weegar         0  0  0  -1  0   1  4  0  0  0  0/0    12:02   0:00   0:36 
Martin Necas             0  0  0   0  0   1  1  0  0  0  0/2    14:33   5:03   0:00 
Michael Chaput           0  0  0   0  0   0  2  0  0  0  1/3     8:39   0:00   2:11 
Mikko Rantanen           0  0  0   0  0   7  0  0  0  0  1/3    20:10   4:03   0:00 
P.K. Subban              0  0  0   0  2   0  2  0  0  0  0/0    18:39   0:00   1:01 
Ryan Pulock              0  1  1   1  0   1  1  2  0  0  0/0    23:10   5:19   0:00 
Sean Couturier           2  1  3   0  0   7  1  0  0  0  16/27  19:54   5:03   0:00 
Seth Jones               0  0  0   0  0   1  0  1  0  0  0/0    23:41   3:47   2:15 
Trevor Lewis             0  0  0   0  0   3  1  0  0  0  0/0     6:28   0:00   0:00 

Players Stats for RedWings

Player Name              G  A  P  +/- PIM S  H  SB GA TA FO     MP     PP MP  PK MP  
------------------------------------------------------------------------------------
Andrew Cogliano          0  0  0  -1  2   0  0  0  0  0  0/1    14:15   2:18   2:57 
Brayden Schenn           0  0  0   1  0   5  0  0  0  0  15/21  16:52   1:40   1:20 
Brett Howden             0  1  1   1  0   3  2  1  0  0  0/0    11:26   0:00   5:16 
Connor Murphy            0  0  0   1  0   2  1  4  0  0  0/0    20:02   1:53   1:44 
David Pastrnak           0  0  0  -1  0   3  2  0  0  0  1/1    19:33   1:40   0:00 
Dennis Gilbert           0  0  0   0  0   1  2  1  0  0  0/0    16:34   0:00   4:17 
Erik Haula               0  1  1   1  0   1  0  0  0  0  4/4    16:10   2:18   0:00 
Filip Forsberg           0  0  0  -1  2   6  2  0  0  0  0/0    19:32   1:40   0:00 
Frans Nielsen            1  0  1   1  0   1  0  0  0  0  5/12    9:50   0:00   3:40 
Gustav Lindstrom         0  0  0   1  2   0  0  2  0  0  0/0    16:32   0:08   0:00 
Jake Gardiner            0  0  0  -1  2   0  2  2  0  0  0/0    22:17   2:05   3:19 
John Carlson             0  0  0  -1  2   0  2  4  0  0  0/0    24:14   1:45   4:16 
Jordan Szwarz            0  1  1   1  0   0  2  0  0  0  0/0     6:10   0:00   0:00 
Kyle Brodziak            0  0  0  -1  0   0  1  0  0  0  11/21  14:00   0:00   4:59 
Nick Jensen              0  1  1   0  0   1  1  0  0  0  0/0    20:18   2:05   4:36 
Patric Hornqvist         1  0  1   1  0   6  1  0  0  0  0/2    16:10   2:18   0:00 
Ryan Hartman             0  0  0  -1  0   0  0  0  0  0  1/1     9:01   0:00   0:00 
Sean Monahan             0  0  0  -1  0   0  1  0  0  0  13/34  17:53   0:00   0:00 

3 Stars

1 - Sean Couturier (STL)
2 - Dougie Hamilton (STL)
3 - Christian Dvorak (STL)

Power Play

Blues - 2 on 5 Attempt(s) - 40,00%
RedWings - 0 on 2 Attempt(s) - 0,00%

Penalty Kill

Blues - 2 on 2 Attempt(s) - 100,00% - Score 0 goal in Penalty Kill
RedWings - 3 on 5 Attempt(s) - 60,00% - Score 0 goal in Penalty Kill

Team Stat

Blues - Hits : 19 - Faceoff Wins : 47 - Blocked Shots : 4 - Penalty Minutes : 4
RedWings - Hits : 19 - Faceoff Wins : 50 - Blocked Shots : 14 - Penalty Minutes : 10

Official

Referees : Chris Schlenker and Steve Kozari
Linesman : Darren Gibbs and Brent Hooks

Game Notes

No Game Note

Finance

Level 1 -- Attendance: 6102 (93,88%) -- Ticket Income 683 424 $
Level 2 -- Attendance: 5000 (100,00%) -- Ticket Income 410 000 $
Level 3 -- Attendance: 2915 (83,29%) -- Ticket Income 204 050 $
Level 4 -- Attendance: 2819 (70,00%) -- Ticket Income 112 760 $
Luxury Box -- Attendance: 922 (92,20%) -- Ticket Income 207 450 $
Game was played at the Joe Louis Arena.
Total Attendance: 17758 (88,67%)
Total Ticket Income: 1 617 684 $
Other Income: 792 665 $
Total Income: 2 410 349 $

% Time on Ice - Blues

Lines # - Real PCT - Wanted PCT - Time Play
Normal Forward
1 - 34% - 36% - 16:07
2 - 32% - 34% - 14:51
3 - 20% - 22% - 9:30
4 - 14% - 8% - 6:28
Normal Defense
1 - 38% - 40% - 17:39
2 - 38% - 40% - 17:51
3 - 24% - 20% - 11:26
4 - 0% - 0% - 0:00
PP Forward
1 - 45% - 60% - 4:03
2 - 55% - 40% - 5:03
PP Defense
1 - 58% - 60% - 5:19
2 - 42% - 40% - 3:47
PK Forward
1 - 45% - 50% - 1:47
2 - 55% - 50% - 2:11
PK Defense
1 - 72% - 60% - 2:51
2 - 28% - 40% - 1:07
PK3 Forward
1 - 0% - 60%
2 - 0% - 40%
PK3 Defense
1 - 0% - 60%
2 - 0% - 40%
44 Forward
1 - 0% - 50%
2 - 0% - 50%
44 Defense
1 - 0% - 50%
2 - 0% - 50%
Last Minute Offensive  - 0:00
Last Minute Defensive  - 0:00
Total
Forward - 60:00
Defense - 60:00

% Time on Ice - RedWings

Lines # - Real PCT - Wanted PCT - Time Play
Normal Forward
1 - 38% - 40% - 17:53
2 - 30% - 30% - 13:52
3 - 19% - 20% - 9:01
4 - 13% - 10% - 6:10
Normal Defense
1 - 38% - 40% - 17:59
2 - 35% - 30% - 16:25
3 - 26% - 20% - 12:17
4 - 1% - 10% - 0:15
PP Forward
1 - 42% - 60% - 1:40
2 - 58% - 40% - 2:18
PP Defense
1 - 47% - 60% - 1:53
2 - 53% - 40% - 2:05
PK Forward
1 - 60% - 60% - 5:26
2 - 40% - 40% - 3:40
PK Defense
1 - 53% - 60% - 4:49
2 - 47% - 40% - 4:17
PK3 Forward
1 - 0% - 60%
2 - 0% - 40%
PK3 Defense
1 - 0% - 60%
2 - 0% - 40%
44 Forward
1 - 0% - 60%
2 - 0% - 40%
44 Defense
1 - 0% - 60%
2 - 0% - 40%
Last Minute Offensive  - 0:00
Last Minute Defensive  - 0:00
Total
Forward - 60:00
Defense - 60:00

Play-by-Play

1st period


0:01 of 1st period - David Pastrnak wins face-off versus Jack Eichel in neutral zone.
0:50 of 1st period - Icing by Jake Gardiner.
0:51 of 1st period - Sean Monahan wins face-off versus Sean Couturier in RedWings zone.
1:15 of 1st period - Minor Penalty to Gustav Lindstrom for Holding Stick.
1:16 of 1st period - Kyle Brodziak wins face-off versus Sean Couturier in RedWings zone.
2:07 of 1st period - Shot by Mikko Rantanen.
2:07 of 1st period - Shot Misses the Net.
2:09 of 1st period - Shot by Anthony Mantha.
2:09 of 1st period - Shot Blocked by John Carlson.
2:11 of 1st period - Shot by Seth Jones.
2:11 of 1st period - Stopped by Adin Hill without a rebound.
2:12 of 1st period - Frans Nielsen wins face-off versus Mikko Rantanen in RedWings zone.
2:27 of 1st period - Shot by Seth Jones.
2:27 of 1st period - Shot Misses the Net.
2:29 of 1st period - Shot by Mikko Rantanen.
2:29 of 1st period - Stopped by Adin Hill without a rebound.
2:30 of 1st period - Frans Nielsen wins face-off versus Sean Couturier in RedWings zone.
2:30 of 1st period - Frans Nielsen is hit by Martin Necas.
3:57 of 1st period - Off-side.
3:58 of 1st period - Mikko Rantanen wins face-off versus Sean Monahan in neutral zone.
4:12 of 1st period - David Pastrnak is hit by P.K. Subban and loses puck.
4:15 of 1st period - Shot by Nick Jensen.
4:15 of 1st period - Stopped by Carter Hart without a rebound.
4:16 of 1st period - Jordan Staal wins face-off versus Kyle Brodziak in Blues zone.
4:25 of 1st period - Shot by Christian Dvorak.
4:25 of 1st period - Goal by Christian Dvorak - Blues : 1 - RedWings : 0.
4:26 of 1st period - Sean Couturier wins face-off versus Sean Monahan in neutral zone.
4:36 of 1st period - Minor Penalty to Filip Forsberg for Slashing.
4:37 of 1st period - Kyle Brodziak wins face-off versus Jack Eichel in RedWings zone.
4:37 of 1st period - Kyle Brodziak is hit by Anthony Mantha.
4:57 of 1st period - Shot by Anthony Mantha.
4:57 of 1st period - Stopped by Adin Hill without a rebound.
4:58 of 1st period - Kyle Brodziak wins face-off versus Sean Couturier in RedWings zone.
5:07 of 1st period - Shot by Seth Jones.
5:07 of 1st period - Shot Misses the Net.
5:09 of 1st period - Shot by Seth Jones.
5:09 of 1st period - Shot Misses the Net.
5:11 of 1st period - Shot by Seth Jones.
5:11 of 1st period - Shot Blocked by John Carlson.
5:13 of 1st period - Shot by Christian Dvorak.
5:13 of 1st period - Shot Misses the Net.
5:15 of 1st period - Shot by Christian Dvorak.
5:15 of 1st period - Shot Misses the Net.
7:05 of 1st period - Off-side.
7:06 of 1st period - Sean Monahan wins face-off versus Jordan Staal in neutral zone.
8:12 of 1st period - Sean Monahan is hit by Anthony Mantha and loses puck.
8:55 of 1st period - Shot by Jack Eichel.
8:55 of 1st period - Stopped by Adin Hill with a rebound.
8:58 of 1st period - Icing by Gustav Lindstrom.
8:59 of 1st period - Brayden Schenn wins face-off versus Josh Bailey in RedWings zone.
9:06 of 1st period - Shot by Brayden Schenn.
9:06 of 1st period - Deflect By Patric Hornqvist.
9:06 of 1st period - Stopped by Carter Hart with a rebound.
10:27 of 1st period - Shot by Trevor Lewis.
10:27 of 1st period - Stopped by Adin Hill without a rebound.
10:28 of 1st period - Sean Couturier wins face-off versus Brayden Schenn in RedWings zone.
11:00 of 1st period - Shot by Sean Couturier.
11:00 of 1st period - Shot Misses the Net.
11:02 of 1st period - Shot by Sean Couturier.
11:02 of 1st period - Deflect By Anthony Mantha.
11:02 of 1st period - Shot Misses the Net.
11:06 of 1st period - Shot by Sean Couturier.
11:06 of 1st period - Shot Misses the Net.
11:38 of 1st period - Shot by Jordan Staal.
11:38 of 1st period - Shot Blocked by Connor Murphy.
11:40 of 1st period - Shot by Jordan Staal.
11:40 of 1st period - Stopped by Adin Hill with a rebound.
11:46 of 1st period - Shot by Jordan Staal.
11:46 of 1st period - Shot Misses the Net.
11:48 of 1st period - Shot by Christian Dvorak.
11:48 of 1st period - Shot Misses the Net.
11:50 of 1st period - Shot by Jordan Staal.
11:50 of 1st period - Stopped by Adin Hill with a rebound.
11:52 of 1st period - Shot by Jordan Staal.
11:52 of 1st period - Stopped by Adin Hill without a rebound.
11:53 of 1st period - Jack Eichel wins face-off versus Sean Monahan in RedWings zone.
11:54 of 1st period - Shot by Josh Bailey.
11:54 of 1st period - Stopped by Adin Hill without a rebound.
11:55 of 1st period - Sean Monahan wins face-off versus Jack Eichel in RedWings zone.
12:33 of 1st period - Shot by Josh Bailey.
12:33 of 1st period - Shot Blocked by Jake Gardiner.
12:35 of 1st period - Shot by Jack Eichel.
12:35 of 1st period - Stopped by Adin Hill without a rebound.
12:36 of 1st period - Sean Couturier wins face-off versus Andrew Cogliano in RedWings zone.
12:47 of 1st period - Shot by Andrew Cogliano.
12:47 of 1st period - Shot Blocked by Ryan Pulock.
13:07 of 1st period - Shot by Ryan Hartman.
13:07 of 1st period - Deflect By Andrew Cogliano.
13:07 of 1st period - Shot Blocked by Dougie Hamilton.
14:04 of 1st period - Minor Penalty to John Carlson for Hooking.
14:05 of 1st period - Jack Eichel wins face-off versus Kyle Brodziak in RedWings zone.
14:05 of 1st period - Anthony Mantha is hit by Nick Jensen and loses puck.
14:08 of 1st period - Shot by Ryan Pulock.
14:08 of 1st period - Stopped by Adin Hill with a rebound.
14:10 of 1st period - Shot by Dougie Hamilton.
14:10 of 1st period - Shot Misses the Net.
14:14 of 1st period - Shot by Mikko Rantanen.
14:14 of 1st period - Stopped by Adin Hill without a rebound.
14:15 of 1st period - Kyle Brodziak wins face-off versus Mikko Rantanen in RedWings zone.
14:15 of 1st period - Kyle Brodziak is hit by Jack Eichel.
14:27 of 1st period - Shot by Mikko Rantanen.
14:27 of 1st period - Stopped by Adin Hill with a rebound.
14:29 of 1st period - Shot by Mikko Rantanen.
14:29 of 1st period - Shot Blocked by Connor Murphy.
14:31 of 1st period - Shot by Jack Eichel.
14:31 of 1st period - Stopped by Adin Hill without a rebound.
14:32 of 1st period - Kyle Brodziak wins face-off versus Sean Couturier in RedWings zone.
14:32 of 1st period - Kyle Brodziak is hit by Sean Couturier.
14:41 of 1st period - Icing by Dougie Hamilton.
14:42 of 1st period - Kyle Brodziak wins face-off versus Sean Couturier in Blues zone.
15:14 of 1st period - Shot by Sean Couturier.
15:14 of 1st period - Shot Blocked by Dennis Gilbert.
15:16 of 1st period - Shot by Sean Couturier.
15:16 of 1st period - Goal by Sean Couturier - Blues : 2 - RedWings : 0.
15:17 of 1st period - Jack Eichel wins face-off versus Sean Monahan in neutral zone.
15:27 of 1st period - Icing by Connor Murphy.
15:28 of 1st period - Sean Monahan wins face-off versus Andrew Copp in RedWings zone.
16:18 of 1st period - Icing by Connor Murphy.
16:19 of 1st period - Sean Monahan wins face-off versus Jack Eichel in RedWings zone.
17:13 of 1st period - Mikko Rantanen is hit by John Carlson.
17:29 of 1st period - Shot by Johnny Gaudreau.
17:29 of 1st period - Shot Blocked by John Carlson.
18:26 of 1st period - Shot by Martin Necas.
18:26 of 1st period - Stopped by Adin Hill without a rebound.
18:27 of 1st period - Frans Nielsen wins face-off versus Andrew Copp in RedWings zone.
18:33 of 1st period - Connor Murphy is hit by Trevor Lewis and loses puck.
18:42 of 1st period - Shot by Seth Jones.
18:42 of 1st period - Shot Blocked by Brett Howden.
18:50 of 1st period - P.K. Subban is hit by Brett Howden and loses puck.
18:56 of 1st period - Off-side.
18:57 of 1st period - Sean Monahan wins face-off versus Jordan Staal in neutral zone.
19:16 of 1st period - Icing by Dougie Hamilton.
19:17 of 1st period - Brayden Schenn wins face-off versus Christian Dvorak in Blues zone.
19:21 of 1st period - Icing by Ryan Pulock.
19:22 of 1st period - Sean Monahan wins face-off versus Jordan Staal in Blues zone.
19:31 of 1st period - Shot by Christian Dvorak.
19:31 of 1st period - Stopped by Adin Hill without a rebound.
19:32 of 1st period - Brayden Schenn wins face-off versus Jack Eichel in RedWings zone.
Goals for this period are 2 for Blues vs 0 for RedWings.
Shots for this period are 18 for Blues vs 2 for RedWings.

2nd period


0:01 of 2nd period - Sean Monahan wins face-off versus Sean Couturier in neutral zone.
0:15 of 2nd period - David Pastrnak is hit by Ryan Pulock and loses puck.
0:26 of 2nd period - Shot by Sean Couturier.
0:26 of 2nd period - Shot Misses the Net.
0:34 of 2nd period - Shot by Filip Forsberg.
0:34 of 2nd period - Stopped by Carter Hart without a rebound.
0:35 of 2nd period - Kyle Brodziak wins face-off versus Jack Eichel in Blues zone.
1:07 of 2nd period - Minor Penalty to Andrew Cogliano for Hooking.
1:08 of 2nd period - Kyle Brodziak wins face-off versus Sean Couturier in RedWings zone.
2:54 of 2nd period - Icing by Sean Couturier.
2:55 of 2nd period - Sean Couturier wins face-off versus Frans Nielsen in Blues zone.
3:02 of 2nd period - Shot by Ryan Pulock.
3:02 of 2nd period - Shot Blocked by John Carlson.
3:04 of 2nd period - Shot by Sean Couturier.
3:04 of 2nd period - Goal by Sean Couturier - Blues : 3 - RedWings : 0.
3:05 of 2nd period - Andrew Copp wins face-off versus Sean Monahan in neutral zone.
3:05 of 2nd period - Colin Miller is hit by Filip Forsberg and loses puck.
3:40 of 2nd period - Shot by Trevor Lewis.
3:40 of 2nd period - Shot Blocked by Gustav Lindstrom.
4:19 of 2nd period - Shot by Brayden Schenn.
4:19 of 2nd period - Stopped by Carter Hart without a rebound.
4:20 of 2nd period - Sean Couturier wins face-off versus Frans Nielsen in Blues zone.
4:30 of 2nd period - Off-side.
4:31 of 2nd period - Kyle Brodziak wins face-off versus Jack Eichel in neutral zone.
4:46 of 2nd period - Shot by Mikko Rantanen.
4:46 of 2nd period - Stopped by Adin Hill with a rebound.
5:46 of 2nd period - Shot by Johnny Gaudreau.
5:46 of 2nd period - Goal by Johnny Gaudreau - Blues : 4 - RedWings : 0.
5:47 of 2nd period - Jordan Staal wins face-off versus Brayden Schenn in neutral zone.
5:51 of 2nd period - Christian Dvorak is hit by Connor Murphy and loses puck.
6:00 of 2nd period - Shot by Brayden Schenn.
6:00 of 2nd period - Stopped by Carter Hart without a rebound.
6:01 of 2nd period - Sean Couturier wins face-off versus Sean Monahan in Blues zone.
6:01 of 2nd period - Sean Couturier is hit by Filip Forsberg.
6:04 of 2nd period - Icing by Dougie Hamilton.
6:05 of 2nd period - Anthony Mantha wins face-off versus Sean Monahan in Blues zone.
6:05 of 2nd period - Anthony Mantha is hit by Sean Monahan.
6:12 of 2nd period - Shot by David Pastrnak.
6:12 of 2nd period - Stopped by Carter Hart without a rebound.
6:13 of 2nd period - Sean Couturier wins face-off versus Sean Monahan in Blues zone.
6:29 of 2nd period - Shot by Filip Forsberg.
6:29 of 2nd period - Stopped by Carter Hart without a rebound.
6:30 of 2nd period - Brayden Schenn wins face-off versus Jack Eichel in Blues zone.
7:23 of 2nd period - Shot by Johnny Gaudreau.
7:23 of 2nd period - Shot Misses the Net.
7:35 of 2nd period - Shot by Anthony Mantha.
7:35 of 2nd period - Deflect By Johnny Gaudreau.
7:35 of 2nd period - Stopped by Adin Hill without a rebound.
7:36 of 2nd period - Sean Monahan wins face-off versus Martin Necas in RedWings zone.
7:47 of 2nd period - Shot by David Pastrnak.
7:47 of 2nd period - Stopped by Carter Hart without a rebound.
7:48 of 2nd period - Johnny Gaudreau wins face-off versus Kyle Brodziak in Blues zone.
8:27 of 2nd period - Ryan Hartman is hit by Anthony Mantha and loses puck.
8:37 of 2nd period - Icing by Connor Murphy.
8:38 of 2nd period - Josh Bailey wins face-off versus Kyle Brodziak in RedWings zone.
8:42 of 2nd period - Icing by Gustav Lindstrom.
8:43 of 2nd period - Jack Eichel wins face-off versus Kyle Brodziak in RedWings zone.
9:10 of 2nd period - Shot by Jack Eichel.
9:10 of 2nd period - Stopped by Adin Hill with a rebound.
9:52 of 2nd period - Shot by David Pastrnak.
9:52 of 2nd period - Shot Misses the Net.
10:02 of 2nd period - Shot by David Pastrnak.
10:02 of 2nd period - Deflect By Filip Forsberg.
10:02 of 2nd period - Shot Blocked by Ryan Pulock.
10:04 of 2nd period - Shot by Filip Forsberg.
10:04 of 2nd period - Shot Misses the Net.
10:31 of 2nd period - Shot by Patric Hornqvist.
10:31 of 2nd period - Shot Misses the Net.
10:33 of 2nd period - Shot by Patric Hornqvist.
10:33 of 2nd period - Goal by Patric Hornqvist - Blues : 4 - RedWings : 1.
10:34 of 2nd period - Anthony Mantha wins face-off versus Frans Nielsen in neutral zone.
10:44 of 2nd period - Off-side.
10:45 of 2nd period - Andrew Copp wins face-off versus Brayden Schenn in neutral zone.
11:18 of 2nd period - Shot by Andrew Copp.
11:18 of 2nd period - Deflect By Trevor Lewis.
11:18 of 2nd period - Stopped by Adin Hill without a rebound.
11:19 of 2nd period - Sean Couturier wins face-off versus Sean Monahan in RedWings zone.
11:28 of 2nd period - Shot by Johnny Gaudreau.
11:28 of 2nd period - Shot Hit the Post.
12:14 of 2nd period - Shot by Jordan Szwarz.
12:14 of 2nd period - Deflect By Brett Howden.
12:14 of 2nd period - Stopped by Carter Hart without a rebound.
12:15 of 2nd period - Jack Eichel wins face-off versus Patric Hornqvist in Blues zone.
12:48 of 2nd period - Shot by Jack Eichel.
12:48 of 2nd period - Shot Blocked by Connor Murphy.
12:50 of 2nd period - Shot by Ryan Pulock.
12:50 of 2nd period - Shot Blocked by Gustav Lindstrom.
12:52 of 2nd period - Shot by Josh Bailey.
12:52 of 2nd period - Stopped by Adin Hill with a rebound.
12:54 of 2nd period - Shot by Josh Bailey.
12:54 of 2nd period - Deflect By Jack Eichel.
12:54 of 2nd period - Stopped by Adin Hill without a rebound.
12:55 of 2nd period - Frans Nielsen wins face-off versus Christian Dvorak in RedWings zone.
13:02 of 2nd period - Shot by Christian Dvorak.
13:02 of 2nd period - Stopped by Adin Hill without a rebound.
13:03 of 2nd period - Jordan Staal wins face-off versus Sean Monahan in RedWings zone.
13:14 of 2nd period - Christian Dvorak is hit by David Pastrnak and loses puck.
13:22 of 2nd period - Icing by P.K. Subban.
13:23 of 2nd period - Ryan Hartman wins face-off versus Jordan Staal in Blues zone.
14:31 of 2nd period - Shot by Sean Couturier.
14:31 of 2nd period - Shot Misses the Net.
14:34 of 2nd period - Icing by Jake Gardiner.
14:35 of 2nd period - Sean Monahan wins face-off versus Jack Eichel in RedWings zone.
14:44 of 2nd period - Shot by David Pastrnak.
14:44 of 2nd period - Deflect By Filip Forsberg.
14:44 of 2nd period - Shot Misses the Net.
14:48 of 2nd period - Shot by David Pastrnak.
14:48 of 2nd period - Stopped by Carter Hart without a rebound.
14:49 of 2nd period - Andrew Copp wins face-off versus Brayden Schenn in Blues zone.
14:56 of 2nd period - Erik Haula is hit by Michael Chaput and loses puck.
15:05 of 2nd period - Shot by Trevor Lewis.
15:05 of 2nd period - Stopped by Adin Hill with a rebound.
15:26 of 2nd period - Icing by Ryan Pulock.
15:27 of 2nd period - Andrew Copp wins face-off versus Sean Monahan in Blues zone.
15:50 of 2nd period - Shot by Sean Monahan.
15:50 of 2nd period - Deflect By Filip Forsberg.
15:50 of 2nd period - Stopped by Carter Hart with a rebound.
16:29 of 2nd period - Shot by Brett Howden.
16:29 of 2nd period - Stopped by Carter Hart without a rebound.
16:30 of 2nd period - Brayden Schenn wins face-off versus Jack Eichel in Blues zone.
16:30 of 2nd period - Erik Haula is hit by MacKenzie Weegar and loses puck.
16:37 of 2nd period - Shot by Patric Hornqvist.
16:37 of 2nd period - Stopped by Carter Hart without a rebound.
16:38 of 2nd period - Brayden Schenn wins face-off versus Jack Eichel in Blues zone.
16:47 of 2nd period - Shot by Jack Eichel.
16:47 of 2nd period - Stopped by Adin Hill without a rebound.
16:48 of 2nd period - Sean Couturier wins face-off versus Frans Nielsen in RedWings zone.
17:03 of 2nd period - Shot by Brett Howden.
17:03 of 2nd period - Shot Misses the Net.
17:16 of 2nd period - Minor Penalty to P.K. Subban for Hooking.
17:17 of 2nd period - Brayden Schenn wins face-off versus Jordan Staal in Blues zone.
17:47 of 2nd period - Shot by John Carlson.
17:47 of 2nd period - Shot Misses the Net.
17:51 of 2nd period - Shot by Brayden Schenn.
17:51 of 2nd period - Shot Misses the Net.
17:55 of 2nd period - Shot by Brayden Schenn.
17:55 of 2nd period - Shot Misses the Net.
17:57 of 2nd period - Shot by Connor Murphy.
17:57 of 2nd period - Stopped by Carter Hart with a rebound.
17:59 of 2nd period - Shot by Connor Murphy.
17:59 of 2nd period - Shot Misses the Net.
18:27 of 2nd period - Shot by Erik Haula.
18:27 of 2nd period - Stopped by Carter Hart without a rebound.
18:28 of 2nd period - Erik Haula wins face-off versus Jordan Staal in Blues zone.
19:03 of 2nd period - Nick Jensen is hit by Michael Chaput and loses puck.
19:21 of 2nd period - Off-side.
19:22 of 2nd period - Sean Couturier wins face-off versus Sean Monahan in neutral zone.
19:31 of 2nd period - Shot by Johnny Gaudreau.
19:31 of 2nd period - Shot Misses the Net.
19:33 of 2nd period - Shot by MacKenzie Weegar.
19:33 of 2nd period - Shot Misses the Net.
19:35 of 2nd period - Shot by MacKenzie Weegar.
19:35 of 2nd period - Shot Misses the Net.
19:37 of 2nd period - Shot by Sean Couturier.
19:37 of 2nd period - Stopped by Adin Hill without a rebound.
19:38 of 2nd period - Frans Nielsen wins face-off versus Jordan Staal in RedWings zone.
Goals for this period are 2 for Blues vs 1 for RedWings.
Shots for this period are 12 for Blues vs 14 for RedWings.

3rd period


0:01 of 3rd period - Jack Eichel wins face-off versus Sean Monahan in neutral zone.
0:06 of 3rd period - Shot by Jack Eichel.
0:06 of 3rd period - Stopped by Adin Hill without a rebound.
0:07 of 3rd period - Jack Eichel wins face-off versus Sean Monahan in RedWings zone.
0:10 of 3rd period - Shot by Mikko Rantanen.
0:10 of 3rd period - Stopped by Adin Hill without a rebound.
0:11 of 3rd period - Sean Monahan wins face-off versus Jack Eichel in RedWings zone.
0:37 of 3rd period - Shot by David Pastrnak.
0:37 of 3rd period - Shot Misses the Net.
0:39 of 3rd period - Shot by Filip Forsberg.
0:39 of 3rd period - Stopped by Carter Hart without a rebound.
0:40 of 3rd period - Brayden Schenn wins face-off versus Sean Couturier in Blues zone.
0:43 of 3rd period - Shot by Erik Haula.
0:43 of 3rd period - Shot Blocked by Seth Jones.
0:46 of 3rd period - Icing by Seth Jones.
0:47 of 3rd period - Brayden Schenn wins face-off versus Anthony Mantha in Blues zone.
1:35 of 3rd period - Off-side.
1:36 of 3rd period - Jack Eichel wins face-off versus Sean Monahan in neutral zone.
1:51 of 3rd period - Icing by Sean Monahan.
1:52 of 3rd period - Jordan Staal wins face-off versus Sean Monahan in RedWings zone.
2:36 of 3rd period - Icing by Jordan Staal.
2:37 of 3rd period - Jordan Staal wins face-off versus Patric Hornqvist in Blues zone.
2:37 of 3rd period - Jordan Staal is hit by Patric Hornqvist.
3:10 of 3rd period - Shot by Patric Hornqvist.
3:10 of 3rd period - Shot Misses the Net.
3:12 of 3rd period - Shot by Erik Haula.
3:12 of 3rd period - Deflect By Patric Hornqvist.
3:12 of 3rd period - Shot Misses the Net.
3:32 of 3rd period - Shot by Josh Bailey.
3:32 of 3rd period - Stopped by Adin Hill without a rebound.
3:33 of 3rd period - Sean Couturier wins face-off versus Frans Nielsen in RedWings zone.
3:52 of 3rd period - Shot by Brett Howden.
3:52 of 3rd period - Shot Misses the Net.
4:00 of 3rd period - Shot by Sean Couturier.
4:00 of 3rd period - Shot Blocked by Jake Gardiner.
4:02 of 3rd period - Shot by Seth Jones.
4:02 of 3rd period - Shot Misses the Net.
4:10 of 3rd period - Shot by Sean Couturier.
4:10 of 3rd period - Stopped by Adin Hill with a rebound.
4:16 of 3rd period - Shot by Sean Couturier.
4:16 of 3rd period - Stopped by Adin Hill without a rebound.
4:17 of 3rd period - Michael Chaput wins face-off versus Sean Monahan in RedWings zone.
4:26 of 3rd period - Shot by Filip Forsberg.
4:26 of 3rd period - Stopped by Carter Hart without a rebound.
4:27 of 3rd period - Brayden Schenn wins face-off versus Jack Eichel in Blues zone.
4:42 of 3rd period - Shot by Josh Bailey.
4:42 of 3rd period - Stopped by Adin Hill with a rebound.
4:50 of 3rd period - Shot by Mikko Rantanen.
4:50 of 3rd period - Shot Blocked by Connor Murphy.
4:52 of 3rd period - Shot by MacKenzie Weegar.
4:52 of 3rd period - Stopped by Adin Hill without a rebound.
4:53 of 3rd period - Sean Monahan wins face-off versus Christian Dvorak in RedWings zone.
4:58 of 3rd period - Jordan Staal is hit by David Pastrnak and loses puck.
5:32 of 3rd period - Martin Necas is hit by Dennis Gilbert and loses puck.
5:43 of 3rd period - Shot by Jack Eichel.
5:43 of 3rd period - Stopped by Adin Hill without a rebound.
5:44 of 3rd period - Josh Bailey wins face-off versus Brayden Schenn in RedWings zone.
5:53 of 3rd period - Shot by Patric Hornqvist.
5:53 of 3rd period - Stopped by Carter Hart without a rebound.
5:54 of 3rd period - Kyle Brodziak wins face-off versus Sean Couturier in Blues zone.
6:09 of 3rd period - Shot by Johnny Gaudreau.
6:09 of 3rd period - Stopped by Adin Hill without a rebound.
6:10 of 3rd period - Jack Eichel wins face-off versus Brayden Schenn in RedWings zone.
6:30 of 3rd period - Shot by Josh Bailey.
6:30 of 3rd period - Stopped by Adin Hill without a rebound.
6:31 of 3rd period - Sean Monahan wins face-off versus Anthony Mantha in RedWings zone.
6:31 of 3rd period - Sean Monahan is hit by Anthony Mantha.
7:28 of 3rd period - John Carlson is hit by Jack Eichel and loses puck.
7:29 of 3rd period - Minor Penalty to Jack Eichel for Roughing.
7:30 of 3rd period - Erik Haula wins face-off versus Jordan Staal in Blues zone.
7:30 of 3rd period - Andrew Cogliano is hit by Dougie Hamilton and loses puck.
7:37 of 3rd period - Shot by Connor Murphy.
7:37 of 3rd period - Stopped by Carter Hart without a rebound.
7:38 of 3rd period - Erik Haula wins face-off versus Michael Chaput in Blues zone.
7:41 of 3rd period - Shot by Patric Hornqvist.
7:41 of 3rd period - Stopped by Carter Hart with a rebound.
8:25 of 3rd period - Icing by Jake Gardiner.
8:26 of 3rd period - Brayden Schenn wins face-off versus Michael Chaput in RedWings zone.
8:37 of 3rd period - Shot by Filip Forsberg.
8:37 of 3rd period - Stopped by Carter Hart without a rebound.
8:38 of 3rd period - Brayden Schenn wins face-off versus Jordan Staal in Blues zone.
9:33 of 3rd period - Shot by Patric Hornqvist.
9:33 of 3rd period - Deflect By Brett Howden.
9:33 of 3rd period - Stopped by Carter Hart without a rebound.
9:34 of 3rd period - Sean Couturier wins face-off versus Frans Nielsen in Blues zone.
9:34 of 3rd period - Sean Couturier is hit by Jordan Szwarz.
9:49 of 3rd period - Anthony Mantha is hit by Brett Howden and loses puck.
10:00 of 3rd period - Shot by Brett Howden.
10:00 of 3rd period - Shot Misses the Net.
10:02 of 3rd period - Shot by Frans Nielsen.
10:02 of 3rd period - Goal by Frans Nielsen - Blues : 4 - RedWings : 2.
10:03 of 3rd period - Erik Haula wins face-off versus Martin Necas in neutral zone.
10:06 of 3rd period - Shot by Patric Hornqvist.
10:06 of 3rd period - Shot Misses the Net.
10:08 of 3rd period - Shot by Brayden Schenn.
10:08 of 3rd period - Stopped by Carter Hart without a rebound.
10:09 of 3rd period - Brayden Schenn wins face-off versus Jack Eichel in Blues zone.
10:40 of 3rd period - Shot by Mikko Rantanen.
10:40 of 3rd period - Shot Misses the Net.
10:50 of 3rd period - Shot by Mikko Rantanen.
10:50 of 3rd period - Stopped by Adin Hill without a rebound.
10:51 of 3rd period - Sean Couturier wins face-off versus Sean Monahan in RedWings zone.
10:51 of 3rd period - Sean Couturier is hit by Jake Gardiner.
11:07 of 3rd period - Shot by Sean Couturier.
11:07 of 3rd period - Stopped by Adin Hill without a rebound.
11:08 of 3rd period - Kyle Brodziak wins face-off versus Jordan Staal in RedWings zone.
11:20 of 3rd period - Kyle Brodziak is hit by MacKenzie Weegar and loses puck.
11:40 of 3rd period - Andrew Cogliano is hit by MacKenzie Weegar and loses puck.
12:07 of 3rd period - Shot by Jack Eichel.
12:07 of 3rd period - Deflect By Mikko Rantanen.
12:07 of 3rd period - Stopped by Adin Hill with a rebound.
12:12 of 3rd period - Off-side.
12:13 of 3rd period - Brayden Schenn wins face-off versus Sean Couturier in neutral zone.
12:28 of 3rd period - Shot by Dennis Gilbert.
12:28 of 3rd period - Stopped by Carter Hart with a rebound.
12:30 of 3rd period - Shot by Brayden Schenn.
12:30 of 3rd period - Deflect By Patric Hornqvist.
12:30 of 3rd period - Stopped by Carter Hart without a rebound.
12:31 of 3rd period - Jack Eichel wins face-off versus Sean Monahan in Blues zone.
13:18 of 3rd period - Icing by Ryan Pulock.
13:19 of 3rd period - Brayden Schenn wins face-off versus Josh Bailey in Blues zone.
13:29 of 3rd period - Icing by Ryan Pulock.
13:30 of 3rd period - Jack Eichel wins face-off versus Kyle Brodziak in Blues zone.
13:30 of 3rd period - Jack Eichel is hit by Kyle Brodziak.
14:08 of 3rd period - Shot by Johnny Gaudreau.
14:08 of 3rd period - Stopped by Adin Hill without a rebound.
14:09 of 3rd period - Jordan Staal wins face-off versus Sean Monahan in RedWings zone.
14:09 of 3rd period - Jordan Staal is hit by Jake Gardiner.
14:12 of 3rd period - Minor Penalty to Jake Gardiner for Hooking.
14:13 of 3rd period - Sean Couturier wins face-off versus Kyle Brodziak in RedWings zone.
14:14 of 3rd period - Shot by Christian Dvorak.
14:14 of 3rd period - Stopped by Adin Hill without a rebound.
14:15 of 3rd period - Sean Couturier wins face-off versus Kyle Brodziak in RedWings zone.
14:24 of 3rd period - Shot by Sean Couturier.
14:24 of 3rd period - Shot Misses the Net.
14:40 of 3rd period - Shot by Johnny Gaudreau.
14:40 of 3rd period - Stopped by Adin Hill without a rebound.
14:41 of 3rd period - Jack Eichel wins face-off versus Kyle Brodziak in RedWings zone.
14:41 of 3rd period - Jack Eichel is hit by Dennis Gilbert.
15:29 of 3rd period - Mikko Rantanen is hit by John Carlson and loses puck.
15:47 of 3rd period - Icing by Seth Jones.
15:48 of 3rd period - Sean Couturier wins face-off versus Kyle Brodziak in Blues zone.
16:28 of 3rd period - Sean Monahan is hit by MacKenzie Weegar and loses puck.
17:54 of 3rd period - Shot by Brayden Schenn.
17:54 of 3rd period - Stopped by Carter Hart with a rebound.
17:56 of 3rd period - Shot by Brayden Schenn.
17:56 of 3rd period - Stopped by Carter Hart without a rebound.
17:57 of 3rd period - Jordan Staal wins face-off versus Frans Nielsen in Blues zone.
17:57 of 3rd period - Jordan Staal is hit by Jordan Szwarz.
19:15 of 3rd period - Shot by Sean Couturier.
19:15 of 3rd period - Stopped by Adin Hill without a rebound.
19:16 of 3rd period - Jack Eichel wins face-off versus Sean Monahan in RedWings zone.
19:34 of 3rd period - David Pastrnak is hit by P.K. Subban.
Goals for this period are 0 for Blues vs 1 for RedWings.
Shots for this period are 17 for Blues vs 13 for RedWings.